 Dungeon Crawl Stone Soup version 0.24.0-123-gd5b16e6ec5 (webtiles) character file.

Game seed: 7331950925819828020, levelgen mode: deterministic

168 Gildeon the Chopper (level 5, -2/45 HPs)
             Began as a Minotaur Fighter on Dec 20, 2019.
             Slain by a gnoll
             ... wielding a +0 halberd
              (9 damage)
             ... on level 3 of the Dungeon.
             The game lasted 00:07:21 (1780 turns).

Gildeon the Chopper (Minotaur Fighter)              Turns: 1780, Time: 00:07:22

Health: -2/45      AC: 10    Str: 21    XL:     5   Next: 23%
Magic:  4/4        EV:  5    Int:  5    God:
Gold:   107        SH:  9    Dex: 10    Spells: 4/4 levels left

rFire    . . .     SeeInvis .   a - +0 war axe
rCold    . . .     Gourm    .   c - +0 shield
rNeg     . . .     Faith    .   j - +0 chain mail
rPois    .         Spirit   .   (helmet restricted)
rElec    .         Reflect  .   (no cloak)
rCorr    .         Harm     .   (no gloves)
MR       .....                  h - +0 pair of boots
Stlth    ..........             (no amulet)
HPRegen  0.15/turn              (no ring)
MPRegen  0.09/turn              (no ring)

@: no status effects
A: retaliatory headbutt, horns 2
a: no special abilities


You were on level 3 of the Dungeon.
You were not hungry.

You visited 1 branch of the dungeon, and saw 3 of its levels.

You collected 107 gold pieces.

Inventory:

Hand Weapons
 a - a +0 war axe (weapon)
 e - a +0 mace
Missiles
 o - 17 poisoned darts (quivered)
Armour
 c - a +0 shield (worn)
 h - a +0 pair of boots (worn)
 j - a +0 chain mail (worn)
Scrolls
 b - a scroll of magic mapping
 l - a scroll of remove curse
 n - a scroll of teleportation {unknown}
 p - a scroll of enchant armour {unknown}
Potions
 d - a potion of might
 k - a potion of agility
Comestibles
 f - 5 rations
 g - 10 chunks of flesh


   Skills:
 - Level 3.6 Fighting
 + Level 6.7 Axes
 - Level 3.6 Armour
 - Level 3.6 Shields


You had 4 spell levels left.
You didn't know any spells.
Your spell library was empty.

Dungeon Overview and Level Annotations

Branches:
Dungeon (3/15)

Altars:


Innate Abilities, Weirdness & Mutations

You reflexively headbutt those who attack you in melee.
You have a pair of horns on your head.


Message History

You closely miss the gnoll. You headbutt the gnoll.
You kill the gnoll!
The gnoll hits you but does no damage.
The gnoll hits you from afar with a +0 halberd.
The gnoll hits you but does no damage. The gnoll hits you with a +0 halberd!
Items here: $ ))) [ †† You slash the gnoll!
Your headbutt misses the gnoll.
The gnoll is almost dead.
Your shield and chain mail prevent you from hitting the gnoll.
The gnoll hits you but does no damage. You block the gnoll's attack.
You closely miss the gnoll.
The gnoll is severely wounded.
You closely miss the gnoll. You block the gnoll's attack.
The gnoll hits you with a +0 halberd!
* * * LOW HITPOINT WARNING * * *
The gnoll barely misses you.
You closely miss the gnoll.
The gnoll is severely wounded.
You slash the gnoll! The gnoll hits you with a +0 halberd!
You die...

#####....#..#
###....#.##
#........#
#.##.)..## #.##.[.##
####......#
###.....#...#
########)...####...#
#....g@).#### #...#
....##g#### #...# #
..l ##### .....
...#### .. .


You could see 2 gnolls and a frilled lizard.

Vanquished Creatures
  An orc priest (D:3)
  2 gnolls (D:3)
  4 adders (D:2)
  2 worms (D:2)
  A dart slug (D:2)
  2 leopard geckos (D:2)
  6 orcs (D:3)
  4 giant cockroaches
  11 goblins
  6 hobgoblins
  6 kobolds
  A quokka (D:2)
  2 ball pythons (D:3)
  7 bats
  4 frilled lizards
  5 rats
64 creatures vanquished.

Notes
Turn   | Place    | Note
-------+----------+-------------------------------------------
     0 | D:1      | Gildeon the Minotaur Fighter began the quest for the Orb.
     0 | D:1      | Reached XP level 1. HP: 19/19 MP: 0/0
   150 | D:1      | Reached skill level 3 in Axes
   193 | D:1      | Reached XP level 2. HP: 26/26 MP: 1/1
   455 | D:1      | Reached skill level 4 in Axes
   854 | D:2      | Reached XP level 3. HP: 29/31 MP: 2/2
  1023 | D:2      | Reached skill level 5 in Axes
  1050 | D:2      | Reached XP level 4. HP: 38/39 MP: 3/3
  1749 | D:3      | Reached skill level 6 in Axes
  1749 | D:3      | Reached XP level 5. HP: 45/45 MP: 4/4
  1780 | D:3      | Slain by a gnoll

Levels and vault maps discovered:
D:1:      kennysheep_arrival_seaside, layout_basic,
          chequers_serial_rivers_micro_d, minmay_tetromino_t2
D:2:      layout_basic, minmay_quantized
D:3:      layout_rooms, kennysheep_flooded_box, uniq_robin

Skill      XL: |  1  2  3  4 |
---------------+-------------+-----
Axes           | 3 4 5 6 |  6.7
Fighting       | |  3.6
Armour         | |  3.6
Shields        | |  3.6

Action                   |  1- 3 |  4- 6 || total
-------------------------+-------+-------++-------
Melee: War axe           |    94 |    69 ||   163
       Headbutt          |    12 |    11 ||    23
  Use: Scroll            |       |     5 ||     5
  Eat: Chunk             |     1 |     2 ||     3
Armor: Scale mail        |    11 |       ||    11
       Chain mail        |    45 |    38 ||    83
Dodge: Dodged            |    20 |    12 ||    32
Block: Shield            |    51 |    24 ||    75
